 Dungeon Crawl Stone Soup version 0.29.1-15-g9cfb28693d (webtiles) character file.

Game seed: 7515893310016323570

5785 protoss039 the Digger (level 10, 81/81 HPs)
             Began as a Demonspawn Earth Elementalist on Feb 28, 2023.
             Was a Follower of Vehumet.
             Got out of the dungeon alive.
             The game lasted 00:16:51 (11641 turns).

protoss039 the Digger (DsEE)                       Turns: 11641, Time: 00:16:51

Health: 81/81      AC:  9    Str:  9    XL:     10   Next: 50%
Magic:  20/20      EV: 10    Int: 20    God:    Vehumet [*.....]
Gold:   454        SH: 15    Dex: 14    Spells: 17/23 levels left

rFire   + + .      SeeInvis .   G - +2 short sword (elec)
rCold   + . .      Faith    .   s - +2 kite shield of the Hart {rC+}
rNeg    . . .      Spirit   .   q - +0 leather armour
rPois   .          Reflect  .   (no helmet)
rElec   .          Harm     .   k - +1 cloak of Submission {Will+}
rCorr   .          Rampage  .   K - +0 pair of gloves
Will    +....                   F - +1 pair of boots
Stlth   ++........              (no amulet)
HPRegen 0.23/turn               B - ring of protection from fire
MPRegen 0.17/turn               J - ring of protection from fire

@: studying Polearms
A: rugged brown scales 1, condensation shield, demonic magic 1, weakness stinger
2
a: Renounce Religion


You escaped.
You worshipped Vehumet.
Vehumet was aware of your devotion.
You visited 2 branches of the dungeon, and saw 9 of its levels.
You also visited: Sewer.

You collected 545 gold pieces.
You spent 91 gold pieces at shops.

Inventory:

Hand Weapons
 i - a +2 vampiric hand axe
 G - a +2 short sword of electrocution (weapon)
Missiles
 l - a throwing net
Armour
 k - the +1 cloak of Submission (worn) {Will+}
   (You found it on level 2 of the Dungeon)

   Will:      It increases your willpower.
 q - a +0 leather armour (worn)
 s - the +2 kite shield of the Hart (worn) {rC+}
   (You found it in a sewer)

   rC:        It protects you from cold.
 F - a +1 pair of boots (worn)
 K - a +0 pair of gloves (worn)
Magical Staves
 o - a staff of air
 z - a staff of fire
Jewellery
 p - a ring of ice
 B - a ring of protection from fire (left hand)
 J - a ring of protection from fire (right hand)
Wands
 v - a wand of flame (13)
 H - a wand of roots (11)
Scrolls
 a - 2 scrolls of brand weapon
 d - a scroll of silence {unknown}
 e - a scroll of identify
 f - 3 scrolls of teleportation {unknown}
 j - 5 scrolls of fog
 m - 8 scrolls of enchant armour
 n - a scroll of enchant weapon {unknown}
 r - a scroll of blinking {unknown}
 t - 2 scrolls of amnesia {unknown}
 x - 2 scrolls of immolation {unknown}
 y - a scroll of magic mapping {unknown}
 C - 3 scrolls of fear
 E - 2 scrolls of poison
Potions
 b - a potion of magic
 c - 2 potions of curing
 g - 2 potions of berserk rage {unknown}
 h - 2 potions of haste
 u - 2 potions of mutation {unknown}
 w - 2 potions of flight
 A - 3 potions of heal wounds {unknown}
 D - 2 potions of brilliance {unknown}
 I - a potion of invisibility {unknown}
 L - a potion of attraction {unknown}


   Skills:
 + Level 7.3 Fighting
 - Level 3.0 Armour
 - Level 1.7 Dodging
 - Level 1.7 Stealth
 + Level 5.3 Shields
 + Level 7.0 Spellcasting
 + Level 6.0 Conjurations
 - Level 0.8 Transmutations
 + Level 7.3 Earth Magic


You had 17 spell levels left.
You knew the following spells:

 Your Spells              Type           Power      Damage    Failure   Level
a - Sandblast             Erth           72%        2d16      1%          1
b - Passwall              Tmut/Erth      19%        N/A       10%         2
c - Stone Arrow           Conj/Erth      66%        3d11      7%          3

Your spell library contained the following spells:

 Spells                   Type           Power      Damage    Failure   Level
 Shock                    Conj/Air       76%        1d7       11%         1
 Freeze                   Ice            28%        1d5       34%         1
 Summon Small Mammal      Summ           28%        N/A       34%         1
 Blink                    Tloc           14%        N/A       47%         2
 Petrify                  Tmut/Erth      23%        N/A       54%         4
 Call Canine Familiar     Summ           7%         N/A       71%         3
 Frozen Ramparts          Ice            14%        1d3       71%         3
 Portal Projectile        Hex/Tloc       14%        N/A       71%         3
 Summon Guardian Golem    Hex/Summ       7%         N/A       71%         3
 Tukima's Dance           Hex            7%         N/A       71%         3
 Hailstorm                Conj/Ice       19%        3d6       71%         4
 Blade Hands              Tmut           5%         N/A       100%        5
 Manifold Assault         Tloc           7%         N/A       100%        5
 Storm Form               Tmut/Air       4%         N/A       100%        7


Dungeon Overview and Level Annotations

Branches:
Dungeon (8/15) Zot: 26316  Temple (1/1) D:6 Zot: 5692   Sewer (visited)
   Lair: D:8-11

Altars:
Ashenzari
Cheibriados
Dithmenos
Fedhas
Gozag
Hepliaklqana
Makhleb
Nemelex Xobeh
Qazlal
Ru
Sif Muna
Trog
Uskayaw
Vehumet
Wu Jian
Xom
Yredelemnul

Shops:
D:5 =[([!


Innate Abilities, Weirdness & Mutations

You are partially covered in rugged brown scales. (AC +1, +3% HP)
A meltable shield of frost defends you. (SH +4)
Spells you cast may paralyse adjacent enemies.
You have a tail ending in a sharp stinger.


Message History

Aiming: Stone Arrow (dangerous; 7% risk of failure)
Press: ? - help, Shift-Dir - straight line, f - you That beam is likely to hit you.
Continue anyway?
Okay, then.
(D) Dungeon (T) Temple
Where to? (Enter - D:1, ? - help)
What level of the Dungeon? (default 1, ? - help)
You now have 454 gold pieces (gained 16).
Things that are here:
a +4 battleaxe; a +0 robe
There is a stone staircase leading up here.
You climb upwards.
There is a stone staircase leading down here.
There is a stone staircase leading up here.
You climb upwards.
There is a stone staircase leading down here.
Magic restored.
There is a stone staircase leading up here.
You climb upwards.
There is a stone staircase leading down here.
There is a stone staircase leading up here.
You climb upwards.
There is a stone staircase leading down here.
You see here a +0 flail.
There is an open door here.
There is a stone staircase leading up here.
You climb upwards.
There is a stone staircase leading down here.
There is a stone staircase leading up here.
You climb upwards.
There is a stone staircase leading down here.
There is a stone staircase leading up here.
You climb upwards.
There is a stone staircase leading down here.
There is an open door here.
There is a stone staircase leading down here.
There is an open door here.
There is a staircase leading out of the dungeon here.
Are you sure you want to leave the Dungeon?
This will make you lose the game!
You have escaped!

#.###...# ####.#
#...####
.....###......##
#######....##..#
...........##.>########
...###.............)..#
..........#+####'####+#
..#####...#...........#
......'...######@######
...####...# ### #..#
#...# #..# #...# #..#
#...# #..# ##### #..#
#..# ...#


There were no monsters in sight!

Vanquished Creatures
  2 two-headed ogres
  Sigmund (D:6)
  A yak (D:6)
  A steam dragon (D:7)
  2 water moccasins (D:7)
  An orc warrior (D:6)
  2 ice beasts
  3 sky beasts
  2 black bears (D:6)
  3 ogres
  2 centaurs (D:6)
  2 phantoms (D:5)
  Blork the orc (D:6)
  3 bullfrogs
  4 kobold brigands
  2 necrophages
  A gnoll sergeant (D:6)
  4 scorpions
  13 wights
  A howler monkey (D:6)
  5 jellies
  An orc priest (D:4)
  A gnoll bouda (D:2)
  3 hounds
  6 orc wizards
  4 iguanas
  24 gnolls
  2 river rats (Sewer)
  6 adders
  A shadow imp (D:7)
  2 worms
  3 dart slugs
  25 orcs
  15 endoplasms
  12 giant cockroaches
  2 goblins
  6 hobgoblins
  27 kobolds
  4 quokkas
  15 ball pythons
  4 bats
  4 frilled lizards
  8 rats
231 creatures vanquished.

Notes
Turn   | Place    | Note
-------+----------+-------------------------------------------
     0 | D:1      | protoss039 the Demonspawn Earth Elementalist began the
                  | quest for the Orb.
     0 | D:1      | Reached XP level 1. HP: 13/13 MP: 3/3
   103 | D:1      | Found a faded altar of an unknown god.
   341 | D:1      | Gained mutation: Spells you cast may paralyse adjacent
                  | enemies. [demonic ancestry]
   341 | D:1      | Reached XP level 2. HP: 20/20 MP: 3/5
   349 | D:1      | Reached skill level 1 in Fighting
  1217 | D:1      | Learned a level 2 spell: Passwall
  1599 | D:2      | Identified the +1 cloak of Submission {Will+}
  1632 | D:2      | Reached XP level 3. HP: 26/26 MP: 2/6
  1945 | D:2      | Gained mutation: A meltable shield of frost defends you.
                  | (SH +4) [demonic ancestry]
  1945 | D:2      | Reached XP level 4. HP: 33/33 MP: 4/8
  2753 | D:2      | Reached XP level 5. HP: 17/39 MP: 4/9
  3545 | D:3      | You fall into a shaft and drop 2 floors!
  3545 | D:5      | Entered Level 5 of the Dungeon
  3554 | D:5      | Found Seut's Jewellery Emporium.
  3628 | D:5      | Gained mutation: You have a small tail. [demonic ancestry]
  3628 | D:5      | Reached XP level 6. HP: 20/45 MP: 8/11
  3658 | D:5      | Found Obraqana's Armour Shoppe.
  3809 | D:5      | Found a glowing drain.
  3819 | Sewer    | Entered a sewer
  4069 | Sewer    | Learned a level 3 spell: Stone Arrow
  4221 | Sewer    | Gained mutation: You have a tail ending in a sharp stinger.
                  | [demonic ancestry]
  4221 | Sewer    | Reached XP level 7. HP: 35/54 MP: 7/13
  4388 | Sewer    | Found a viscous altar of Jiyva.
  4462 | Sewer    | Identified the +2 kite shield of the Hart {rC+}
  4466 | Sewer    | Reached skill level 1 in Conjurations
  4594 | D:5      | Found Wecoun's Armour Emporium.
  4789 | D:5      | Found Helug's Distillery.
  4794 | D:5      | Bought a potion of flight for 39 gold pieces
  4794 | D:5      | Bought a potion of curing for 39 gold pieces
  4794 | D:5      | Bought a potion of degeneration for 13 gold pieces
  4827 | D:5      | Reached skill level 1 in Armour
  4827 | D:5      | Reached skill level 1 in Shields
  4827 | D:5      | Reached skill level 5 in Earth Magic
  4979 | D:5      | Found Zihoung's Weapon Emporium.
  5698 | D:4      | Gained mutation: You are partially covered in rugged brown
                  | scales. (AC +1, +3% HP) [demonic ancestry]
  5698 | D:4      | Reached XP level 8. HP: 55/62 MP: 13/15
  6547 | D:3      | Reached skill level 5 in Spellcasting
  6567 | D:3      | Reached skill level 5 in Fighting
  6864 | D:3      | Found a hazy altar of Hepliaklqana.
  6892 | D:3      | Found a shimmering altar of Xom.
  6893 | D:3      | Noticed a spectral ugly thing
  6949 | D:3      | Found a shimmering blue altar of Sif Muna.
  7357 | D:6      | Found a staircase to the Ecumenical Temple.
  7376 | Temple   | Entered the Ecumenical Temple
  7657 | Temple   | Became a worshipper of Vehumet
  8026 | D:6      | Reached XP level 9. HP: 54/70 MP: 6/17
  8427 | D:6      | Noticed a two-headed ogre
  8436 | D:6      | Killed a two-headed ogre
  8551 | D:6      | Found a stormy altar of Qazlal.
  8786 | D:6      | Noticed Blork the orc
  8795 | D:6      | Killed Blork the orc
  9124 | D:6      | Reached * piety under Vehumet
  9124 | D:6      | Offered knowledge of Magic Dart by Vehumet.
  9229 | D:6      | Reached skill level 5 in Conjurations
  9287 | D:6      | Noticed Sigmund
  9296 | D:6      | Killed Sigmund
  9771 | D:7      | Reached XP level 10. HP: 79/79 MP: 14/19
  9902 | D:7      | Noticed a two-headed ogre
  9908 | D:7      | Killed a two-headed ogre
 10134 | D:7      | Reached skill level 5 in Shields
 10316 | D:7      | Found an ornate altar of the Wu Jian Council.
 10424 | D:7      | Found a snail-covered altar of Cheibriados.
 10577 | D:7      | Found a shadowy altar of Dithmenos.
 10972 | D:8      | Found a burning altar of Makhleb.
 11471 | D:8      | Offered knowledge of Shock by Vehumet.
 11641 | D:$      | Got out of the dungeon alive.

Illustrated notes

Levels and vault maps discovered:
D:1:      minmay_arrival_three_doors, layout_basic,
          hellmonk_ecumenical_altar_slurped_away
D:2:      layout_loops_corners, amcnicky_mini_rare_corridor_liquid
D:3:      cheibrodos_thug_alley, layout_rooms, regret_index_temple_of_mockery,
          led_sif_book
D:4:      minmay_razor_zed, layout_gridville
D:5:      layout_loops_ring, serial_shops, shop, shop, nicolae_square_shop,
          nicolae_shop_waterfront, kennysheep_little_box, gup_sewer_entry_bowl
D:6:      layout_loops_corners, nicolae_qazlal_style_of_elements,
          minmay_temple_entry_arrows, minmay_manual_macuahuitl,
          uniq_blork_the_orc, uniq_sigmund
D:7:      minmay_spotlight, layout_cave_pools, kennysheep_mini,
          nicolae_overflow_hidden_temple, mainiacjoe_overflow_catwalk_spiral,
          chequers_serial_rivers_small_b
D:8:      layout_basic, lemuel_tele_altar, serial_glass, glass_columns_a,
          glass_columns_b
Temple:   bh_familiar_temple

Skill      XL: |  1  2  3  4  5  6  7  8  9 10 |
---------------+-------------------------------+-----
Fighting       | 1 2 3 4 5 6 7 |  7.3
Earth Magic    | 3 4 5 6 7 |  7.3
Spellcasting   | 3 4 5 6 7 |  7.0
Conjurations   | 2 3 5 6 |  6.0
Armour         | 1 2 3 |  3.0
Shields        | 1 3 4 5 |  5.3
Dodging        | |  1.7
Stealth        | |  1.7
Transmutations | |  0.8

Action                   |  1- 3 |  4- 6 |  7- 9 | 10-12 || total
-------------------------+-------+-------+-------+-------++-------
Melee: Dagger            |    15 |       |       |       ||    15
       Hand axe          |     9 |    61 |   143 |       ||   213
       Punch             |       |     1 |       |       ||     1
       Tailslap          |       |     5 |    32 |     3 ||    40
       Short sword       |       |       |    18 |    11 ||    29
 Cast: Sandblast         |    36 |    78 |   133 |    24 ||   271
       Stone Arrow       |       |       |    35 |    43 ||    78
       Passwall          |       |       |       |     2 ||     2
  Use: Scroll            |       |       |     5 |     1 ||     6
 Stab: Paralysed         |     1 |    30 |    18 |     2 ||    51
       Sleeping          |       |       |     5 |       ||     5
Armor: Robe              |    11 |     4 |       |       ||    15
       Leather armour    |       |    31 |    51 |     3 ||    85
Dodge: Dodged            |    25 |    52 |    66 |     7 ||   150
Block: Other             |       |    29 |     4 |       ||    33
       Kite shield       |       |       |   194 |    25 ||   219
